General information
- name: BNet
- type: Ladder team game (AT/RT)
- host: Battle.net
- saver: LowBlwDirtyWard
map: Mur'gulOasis
- players: 8
- length: 31:31
- speed: Fast
- version: 1.28 W3XP
- replay type: Public
» download(191 KB)
Players
team 1 (winner)

»
TouchMyCovfefe (
yellow | 83 APM | 1529 actions | 18:23)
5 Death Knight
3 Death Coil
2 Unholy Aura
2 Lich
1 Frost Armor
1 Frost Nova
» actions
| Assign group hotkey | 32 | |
| Basic commands | 16 | |
| Build / train | 72 | |
| ESC pressed | 1 | |
| Enter build submenu | 28 | |
| Enter hero's abilities submenu | 7 | |
| Give item / drop item | 2 | |
| Right click | 587 | |
| Select / deselect | 355 | |
| Select group hotkey | 358 | |
| Use ability | 71 | |
1529 total
» units
| Acolyte | 4 | |
| Ghoul | 5 | |
| Crypt Fiend | 22 | |
| Obsidian Statue | 3 | |
| Frost Wyrm | 2 | |
36 total
» upgrades
| Creature Attack | 2 | |
| Web | 1 | |
| Destroyer Form | 1 | |
| Creature Carapace | 1 | |
5 total
» buildings
| Crypt | 2 | |
| Altar of Darkness | 2 | |
| Ziggurat | 10 | |
| Graveyard | 2 | |
| Tomb of Relics | 3 | |
| Nerubian Tower | 4 | |
| Spirit Tower | 1 | |
| Halls of the Dead | 2 | |
| Slaughterhouse | 1 | |
| Black Citadel | 2 | |
| Sacrificial Pit | 1 | |
| Boneyard | 2 | |
32 total
» build order
00:15 Crypt
00:21 Altar of Darkness
00:26 Crypt
00:32 Altar of Darkness
00:37 Ziggurat
00:43 Ziggurat
01:04 Graveyard
01:12 Graveyard
01:16 Ziggurat
01:28 Ziggurat
01:34 Tomb of Relics
01:37 Tomb of Relics
01:50 Tomb of Relics
02:13 Nerubian Tower
02:13 Nerubian Tower
02:21 Nerubian Tower
03:31 Ziggurat
04:24 Spirit Tower
04:58 Halls of the Dead
05:33 Ziggurat
05:35 Halls of the Dead
07:50 Ziggurat
08:33 Slaughterhouse
08:51 Black Citadel
08:53 Sacrificial Pit
09:30 Ziggurat
09:31 Ziggurat
10:48 Black Citadel
11:45 Boneyard
11:47 Boneyard
12:08 Ziggurat
» items
| Rod of Necromancy | 1 | |
| Scroll of Town Portal | 3 | |
| Orb of Lightning | 1 | |
| Scroll of Speed | 1 | |
| Lesser Clarity Potion | 1 | |
| Healing Salve | 1 | |
| Orb of Corruption | 1 | |
9 total

»
got (
pink | 0 APM | 0 actions | 00:03)
LowBlwDirtyWard (
purple | 72 APM | 2274 actions | 31:30)
10 Blademaster
3 Wind Walk
3 Critical Strike
1 Bladestorm
3 Mirror Image
» actions
| Assign group hotkey | 89 | |
| Basic commands | 57 | |
| Build / train | 100 | |
| Enter build submenu | 31 | |
| Enter hero's abilities submenu | 11 | |
| Give item / drop item | 9 | |
| Remove unit from queue | 12 | |
| Right click | 1161 | |
| Select / deselect | 387 | |
| Select group hotkey | 226 | |
| Use ability | 191 | |
2274 total
» units
| Peon | 12 | |
| Grunt | 5 | |
| Raider | 8 | |
| Troll Batrider | 13 | |
38 total
» upgrades
| Pillage | 1 | |
| Melee Weapons | 3 | |
| Armor | 3 | |
| Ensnare | 1 | |
| Reinforced Defenses | 1 | |
| Troll Regeneration | 1 | |
| Ranged Weapons | 3 | |
| Liquid Fire | 1 | |
14 total
» buildings
| Orc Burrow | 6 | |
| Altar of Storms | 1 | |
| Barracks | 1 | |
| Voodoo Lounge | 2 | |
| Stronghold | 1 | |
| War Mill | 1 | |
| Beastiary | 4 | |
| Fortress | 1 | |
| Watch Tower | 14 | |
| Great Hall | 1 | |
32 total
» build order
00:10 Orc Burrow
00:55 Altar of Storms
01:01 Orc Burrow
01:06 Barracks
01:55 Voodoo Lounge
02:55 Stronghold
04:13 War Mill
04:16 Orc Burrow
05:04 Orc Burrow
05:26 Beastiary
05:27 Beastiary
08:48 Fortress
14:05 Orc Burrow
14:07 Orc Burrow
14:34 Watch Tower
14:34 Watch Tower
14:37 Watch Tower
14:38 Watch Tower
14:38 Watch Tower
16:05 Watch Tower
16:05 Watch Tower
16:06 Watch Tower
16:06 Watch Tower
16:07 Watch Tower
16:25 Voodoo Lounge
19:16 Beastiary
19:17 Beastiary
25:23 Great Hall
25:25 Watch Tower
25:25 Watch Tower
25:26 Watch Tower
» items
| Healing Salve | 7 | |
| Boots of Speed | 1 | |
| Staff of Teleportation | 2 | |
| Scroll of Town Portal | 3 | |
| Tiny Great Hall | 1 | |
| Orb of Lightning | 1 | |
| Periapt of Vitality | 1 | |
| Scroll of Protection | 2 | |
| Potion of Healing | 3 | |
| Potion of Mana | 1 | |
| Lesser Clarity Potion | 1 | |
23 total
BANKING-UR-HOME (
red | 70 APM | 2194 actions | 31:30)
5 Blademaster
3 Wind Walk
2 Critical Strike
1 Death Knight
1 Death Coil
» actions
| Assign group hotkey | 75 | |
| Basic commands | 60 | |
| Build / train | 74 | |
| Enter build submenu | 14 | |
| Enter hero's abilities submenu | 6 | |
| Give item / drop item | 3 | |
| Right click | 925 | |
| Select / deselect | 260 | |
| Select group hotkey | 660 | |
| Use ability | 117 | |
2194 total
» units
| Peon | 12 | |
| Troll Batrider | 15 | |
| Crypt Fiend | 3 | |
| Wind Rider | 4 | |
| Raider | 2 | |
36 total
» upgrades
| Ranged Weapons | 3 | |
| Liquid Fire | 1 | |
| Reinforced Defenses | 1 | |
| Web | 1 | |
| Armor | 2 | |
| Ensnare | 1 | |
| Pillage | 1 | |
| Melee Weapons | 1 | |
11 total
» buildings
| Altar of Storms | 1 | |
| Orc Burrow | 5 | |
| Voodoo Lounge | 1 | |
| Stronghold | 2 | |
| War Mill | 1 | |
| Beastiary | 3 | |
| Fortress | 2 | |
| Spirit Tower | 3 | |
| Ziggurat | 1 | |
| Nerubian Tower | 1 | |
| Watch Tower | 9 | |
29 total
» build order
00:07 Altar of Storms
00:18 Orc Burrow
01:05 Voodoo Lounge
02:06 Stronghold
02:06 Stronghold
02:32 Orc Burrow
02:33 Orc Burrow
02:33 Orc Burrow
02:45 War Mill
04:31 Beastiary
04:33 Beastiary
05:13 Fortress
05:13 Fortress
06:40 Spirit Tower
06:41 Spirit Tower
06:48 Ziggurat
06:50 Nerubian Tower
11:17 Spirit Tower
11:34 Watch Tower
11:35 Watch Tower
11:35 Watch Tower
11:36 Watch Tower
14:27 Beastiary
18:01 Orc Burrow
20:19 Watch Tower
20:20 Watch Tower
20:25 Watch Tower
21:33 Watch Tower
21:33 Watch Tower
» items
| Healing Salve | 2 | |
| Lesser Clarity Potion | 1 | |
| Staff of Teleportation | 1 | |
| Rod of Necromancy | 1 | |
| Orb of Lightning | 1 | |
| Tiny Great Hall | 1 | |
| Potion of Lesser Invulnerability | 1 | |
| Boots of Speed | 1 | |
| Potion of Invisibility | 1 | |
10 total
team 2 (loser)
descartes (
teal | 41 APM | 1248 actions | 30:41)
7 Mountain King
3 Storm Bolt
3 Bash
1 Avatar
1 Paladin
1 Devotion Aura
» actions
| Build / train | 83 | |
| ESC pressed | 15 | |
| Enter build submenu | 29 | |
| Enter hero's abilities submenu | 10 | |
| Right click | 671 | |
| Select / deselect | 333 | |
| Use ability | 107 | |
1248 total
» units
| Peasant | 13 | |
| Footman | 11 | |
| Gryphon Rider | 8 | |
| Dragonhawk Rider | 6 | |
38 total
» upgrades
| Masonry | 2 | |
| Defend | 1 | |
| Lumber Harvesting | 1 | |
| Storm Hammers | 1 | |
5 total
» buildings
| Altar of Kings | 1 | |
| Farm | 11 | |
| Barracks | 1 | |
| Lumber Mill | 1 | |
| Scout Tower | 8 | |
| Guard Tower | 11 | |
| Arcane Tower | 2 | |
| Keep | 1 | |
| Arcane Vault | 1 | |
| Gryphon Aviary | 2 | |
| Castle | 1 | |
| Town Hall | 1 | |
41 total
» build order
00:20 Altar of Kings
00:25 Farm
00:47 Farm
00:54 Barracks
01:38 Lumber Mill
02:00 Farm
02:21 Scout Tower
02:52 Guard Tower
03:05 Scout Tower
03:41 Arcane Tower
03:43 Farm
04:41 Keep
04:56 Arcane Vault
06:36 Scout Tower
06:40 Scout Tower
07:21 Guard Tower
07:22 Arcane Tower
07:24 Gryphon Aviary
07:26 Gryphon Aviary
07:27 Castle
08:44 Farm
08:56 Farm
10:42 Farm
14:56 Farm
14:56 Farm
14:57 Farm
19:20 Town Hall
19:26 Farm
20:07 Scout Tower
20:07 Scout Tower
20:08 Scout Tower
20:14 Scout Tower
20:41 Guard Tower
20:41 Guard Tower
20:41 Guard Tower
20:44 Guard Tower
20:45 Guard Tower
20:45 Guard Tower
» items
| Scroll of Regeneration | 6 | |
| Lesser Clarity Potion | 6 | |
| Boots of Speed | 1 | |
| Circlet of Nobility | 1 | |
14 total

»
NiCOLAi (
green | 71 APM | 1052 actions | 14:49)
5 Mountain King
3 Storm Bolt
2 Bash
» actions
| Assign group hotkey | 170 | |
| Basic commands | 6 | |
| Build / train | 47 | |
| ESC pressed | 8 | |
| Enter build submenu | 22 | |
| Enter hero's abilities submenu | 5 | |
| Right click | 454 | |
| Select / deselect | 204 | |
| Select group hotkey | 72 | |
| Use ability | 64 | |
1052 total
» units
» upgrades
| Gunpowder | 2 | |
| Armor | 2 | |
| Defend | 1 | |
| Long Rifles | 1 | |
| Lumber Harvesting | 1 | |
7 total
» buildings
| Farm | 11 | |
| Altar of Kings | 2 | |
| Keep | 4 | |
| Lumber Mill | 1 | |
| Blacksmith | 1 | |
| Barracks | 2 | |
| Arcane Vault | 1 | |
22 total
» build order
01:27 Farm
01:34 Altar of Kings
01:37 Altar of Kings
03:31 Farm
05:00 Keep
05:01 Keep
05:01 Keep
05:13 Lumber Mill
05:19 Blacksmith
05:29 Farm
05:32 Barracks
05:36 Barracks
05:49 Farm
05:51 Farm
05:56 Farm
05:57 Farm
06:00 Farm
06:22 Farm
06:24 Farm
06:27 Farm
06:50 Arcane Vault
» items
| Scroll of Regeneration | 3 | |
| Scroll of Town Portal | 1 | |
| Potion of Healing | 1 | |
5 total
llIlllllIIIllIl (
orange | 109 APM | 3445 actions | 31:29)
6 Archmage
3 Summon Water Elemental
2 Brilliance Aura
1 Mass Teleport
1 Paladin
1 Holy Light
5 Mountain King
3 Storm Bolt
2 Bash
» actions
| Assign group hotkey | 101 | |
| Basic commands | 156 | |
| Build / train | 137 | |
| ESC pressed | 1 | |
| Enter build submenu | 47 | |
| Enter hero's abilities submenu | 12 | |
| Give item / drop item | 7 | |
| Right click | 1033 | |
| Select / deselect | 353 | |
| Select group hotkey | 1349 | |
| Use ability | 249 | |
3445 total
» units
| Peasant | 13 | |
| Footman | 5 | |
| Dragonhawk Rider | 2 | |
| Gryphon Rider | 12 | |
32 total
» upgrades
| Swords | 3 | |
| Armor | 3 | |
| Animal War Training | 1 | |
| Storm Hammers | 1 | |
| Lumber Harvesting | 2 | |
| Cloud | 1 | |
| Masonry | 1 | |
| Plating | 2 | |
| Gunpowder | 2 | |
16 total
» buildings
| Altar of Kings | 2 | |
| Barracks | 1 | |
| Farm | 11 | |
| Arcane Vault | 2 | |
| Blacksmith | 2 | |
| Keep | 5 | |
| Lumber Mill | 1 | |
| Scout Tower | 22 | |
| Castle | 3 | |
| Gryphon Aviary | 2 | |
| Guard Tower | 23 | |
| Town Hall | 1 | |
75 total
» build order
00:49 Altar of Kings
00:51 Altar of Kings
01:00 Barracks
01:03 Farm
01:06 Farm
01:29 Farm
01:56 Arcane Vault
02:12 Blacksmith
02:24 Farm
02:57 Farm
03:37 Keep
03:38 Keep
04:36 Blacksmith
04:47 Lumber Mill
05:33 Scout Tower
05:34 Scout Tower
05:58 Castle
05:59 Castle
06:02 Gryphon Aviary
06:09 Gryphon Aviary
06:21 Guard Tower
06:21 Guard Tower
06:24 Guard Tower
06:24 Guard Tower
06:24 Guard Tower
07:42 Farm
07:46 Farm
07:53 Farm
10:44 Town Hall
10:46 Scout Tower
10:47 Scout Tower
10:48 Scout Tower
10:51 Scout Tower
11:20 Arcane Vault
13:27 Scout Tower
13:27 Scout Tower
13:28 Scout Tower
13:46 Scout Tower
13:47 Scout Tower
13:52 Scout Tower
13:53 Guard Tower
13:53 Guard Tower
13:59 Guard Tower
13:59 Guard Tower
14:00 Guard Tower
14:36 Guard Tower
14:36 Guard Tower
17:05 Scout Tower
17:05 Scout Tower
17:06 Scout Tower
17:06 Scout Tower
17:07 Scout Tower
17:42 Guard Tower
17:42 Guard Tower
21:43 Farm
21:48 Farm
22:39 Guard Tower
22:45 Scout Tower
22:46 Scout Tower
22:47 Scout Tower
22:52 Scout Tower
22:55 Scout Tower
23:43 Guard Tower
29:56 Farm
» items
| Scroll of Regeneration | 5 | |
| Mechanical Critter | 2 | |
| Orb of Fire | 1 | |
| Staff of Sanctuary | 1 | |
| Scroll of Town Portal | 1 | |
| Potion of Lesser Invulnerability | 1 | |
| Boots of Speed | 1 | |
| Periapt of Vitality | 2 | |
| Circlet of Nobility | 1 | |
| Staff of Teleportation | 2 | |
17 total
mexicat (
blue | 35 APM | 535 actions | 15:12)
2 Paladin
1 Holy Light
1 Devotion Aura
2 Mountain King
1 Storm Bolt
1 Bash
» actions
| Assign group hotkey | 43 | |
| Basic commands | 5 | |
| Build / train | 30 | |
| Enter build submenu | 15 | |
| Enter hero's abilities submenu | 4 | |
| Right click | 179 | |
| Select / deselect | 205 | |
| Select group hotkey | 12 | |
| Use ability | 42 | |
535 total
» units
| Peasant | 8 | |
| Footman | 3 | |
| Rifleman | 4 | |
15 total
» upgrades
| Gunpowder | 1 | |
| Long Rifles | 1 | |
| Armor | 1 | |
3 total
» buildings
| Altar of Kings | 1 | |
| Farm | 8 | |
| Barracks | 2 | |
| Blacksmith | 1 | |
| Scout Tower | 1 | |
| Lumber Mill | 1 | |
| Arcane Tower | 1 | |
| Arcane Vault | 1 | |
| Keep | 1 | |
| Castle | 1 | |
| Town Hall | 1 | |
19 total
» build order
00:25 Altar of Kings
00:38 Farm
00:58 Barracks
01:18 Farm
02:04 Blacksmith
02:10 Farm
02:19 Scout Tower
02:30 Lumber Mill
02:51 Arcane Tower
03:29 Barracks
04:01 Arcane Vault
04:36 Farm
04:41 Farm
05:02 Keep
06:03 Farm
06:04 Farm
07:29 Castle
09:29 Farm
10:54 Town Hall
» items
| Scroll of Regeneration | 2 | |
| Lesser Clarity Potion | 1 | |
3 total
Chat log
(00:58 / Allies) BANKING-UR-HOME: bats
(01:26 / All) LowBlwDirtyWard: keep paused
(01:37 / All) BANKING-UR-HOME: bakc
(01:44 / All) BANKING-UR-HOME: ok stop
(01:45 / All) BANKING-UR-HOME: im back
(01:53 / All) BANKING-UR-HOME: im good dammit
(01:55 / All) BANKING-UR-HOME: im back
(03:23 / Allies) BANKING-UR-HOME: u got pink?
(03:36 / Allies) TouchMyCovfefe: ya
(03:36 / Allies) LowBlwDirtyWard: I think yellow does
(03:45 / Allies) BANKING-UR-HOME: teal going yellow
(03:52 / Allies) BANKING-UR-HOME: getting bats
(03:55 / Allies) BANKING-UR-HOME: get 2 big ud armies
(04:02 / Allies) BANKING-UR-HOME: i think they are 4 hu
(04:19 / Allies) BANKING-UR-HOME: dont die
(04:42 / Allies) BANKING-UR-HOME: omw
(06:02 / Allies) BANKING-UR-HOME: omw
(06:03 / Allies) BANKING-UR-HOME: yellow
(07:33 / Allies) BANKING-UR-HOME: bats coming
(07:34 / Allies) BANKING-UR-HOME: soon
(07:35 / Allies) BANKING-UR-HOME: 3 min
(07:54 / Allies) BANKING-UR-HOME: watch ur dk yellow
(07:57 / Allies) TouchMyCovfefe: ya
(08:37 / Allies) LowBlwDirtyWard: b
(08:54 / Allies) BANKING-UR-HOME: bats in 2 min
(08:56 / Allies) BANKING-UR-HOME: im gonna bat blue
(09:31 / Allies) BANKING-UR-HOME: wait for me
(09:32 / Allies) BANKING-UR-HOME: prup
(09:51 / Allies) LowBlwDirtyWard: go
(10:39 / Allies) BANKING-UR-HOME: bat
(10:40 / Allies) BANKING-UR-HOME: job
(10:49 / Allies) LowBlwDirtyWard: back
(11:45 / Allies) BANKING-UR-HOME: tp yellow if u can
(11:54 / Allies) TouchMyCovfefe: ur good
(12:28 / All) NiCOLAi: GG
(12:31 / All) NiCOLAi: go to oj expo
(12:31 / All) llIlllllIIIllIl: green is tking me
(12:33 / All) llIlllllIIIllIl: and getting raped
(12:37 / All) llIlllllIIIllIl: expo bot left I cleared it
(12:43 / All) llIlllllIIIllIl: I
(12:49 / All) llIlllllIIIllIl: can give one of u a legion doomhorn
(12:51 / All) llIlllllIIIllIl: green didnt want his
(12:53 / Allies) BANKING-UR-HOME: yellow dont hit oj
(12:54 / Allies) BANKING-UR-HOME: hes a troll
(13:43 / All) NiCOLAi: pls kill
(13:45 / All) NiCOLAi: feed on me
(13:55 / All) NiCOLAi: hit ojs expos
(13:58 / All) NiCOLAi: all aroundmid
(14:03 / All) NiCOLAi: he going all air
(14:08 / All) NiCOLAi: go now and end
(14:10 / All) llIlllllIIIllIl: lol
(14:12 / All) llIlllllIIIllIl: you are pathetic
(14:19 / All) NiCOLAi: nigger thinks hes good
(14:29 / All) llIlllllIIIllIl: you are trash who cant even tk and has no base
(14:31 / All) NiCOLAi: masses air against 2 orc
(14:32 / All) NiCOLAi: lmao
(14:42 / All) NiCOLAi: this dumbass nigger
(14:46 / All) NiCOLAi: you won good job
(14:48 / All) NiCOLAi: thank oj
(14:56 / Allies) LowBlwDirtyWard: gold
(15:00 / All) llIlllllIIIllIl: 3 legion doom horns
(15:08 / Allies) LowBlwDirtyWard: gold
(16:07 / Allies) BANKING-UR-HOME: yellow
(16:08 / Allies) BANKING-UR-HOME: hit teal
(16:17 / Allies) TouchMyCovfefe: sure
(16:29 / Allies) LowBlwDirtyWard: lumber
(16:54 / Allies) TouchMyCovfefe: well, looks like gg
(16:58 / Allies) TouchMyCovfefe: bummer
(17:00 / Allies) BANKING-UR-HOME: shoulda listened
(17:27 / All) descartes: gg noobs
(19:24 / Allies) LowBlwDirtyWard: lumbers
(22:12 / All) BANKING-UR-HOME: noob teal
(22:13 / Allies) LowBlwDirtyWard: damn you got both kills lol
(22:16 / All) descartes: my bad
(22:20 / All) descartes: was ctrling hero
(22:35 / Allies) LowBlwDirtyWard: go
(22:45 / Allies) LowBlwDirtyWard: go
(22:58 / Allies) LowBlwDirtyWard: tank mana towers for me
(23:36 / All) LowBlwDirtyWard: tp staff
(23:43 / All) LowBlwDirtyWard: thanks for tanking mana for me faggot
(23:52 / All) BANKING-UR-HOME: uh i killed all the towers
(24:01 / All) LowBlwDirtyWard: after all my mana was gone
(26:09 / All) BANKING-UR-HOME: out teal
(26:24 / All) LowBlwDirtyWard: raped
(26:26 / All) BANKING-UR-HOME: out please, teal
(26:28 / All) descartes: nice
(26:58 / All) BANKING-UR-HOME: are u hispanic
(27:07 / All) descartes: nah american
(27:18 / All) LowBlwDirtyWard: descartes famous mexican philosopher
(27:25 / All) descartes: french lol
(27:29 / All) descartes: just study him in school
(27:32 / All) BANKING-UR-HOME: what did he believe in
(27:34 / All) LowBlwDirtyWard: no he was from cancun
(27:47 / All) LowBlwDirtyWard: he started the tradition of spring break partying
(28:31 / All) BANKING-UR-HOME: how can us ee me wtf
(28:42 / All) LowBlwDirtyWard: hax
(30:35 / All) llIlllllIIIllIl: teal what do you think about this match
(30:37 / All) llIlllllIIIllIl: did you have fun
(30:38 / All) llIlllllIIIllIl: i did
(30:43 / All) LowBlwDirtyWard: lawl
(30:45 / All) llIlllllIIIllIl: lol
(30:51 / All) LowBlwDirtyWard: stats?
(31:04 / All) LowBlwDirtyWard: 26-19 yellow
(31:09 / All) llIlllllIIIllIl: green 13-11
(31:15 / All) LowBlwDirtyWard: 3 legit lose I say
(31:16 / All) llIlllllIIIllIl: blue and teal below 50%
(31:21 / All) BANKING-UR-HOME: teal lose
(31:22 / All) BANKING-UR-HOME: i say
(31:24 / All) BANKING-UR-HOME: ng
(31:26 / All) BANKING-UR-HOME: this game sucked